 Dungeon Crawl Stone Soup version 0.30-a0-242-g7bf8e6d787 (webtiles) character file.

Game seed: 13681235152461055502

481 slphil the Chopper (level 7, -1/60 HPs)
             Began as a Hill Orc Reaver on Oct 12, 2022.
             Slain by an orc warrior
             ... wielding a +0 halberd
              (8 damage)
             ... on level 6 of the Dungeon.
             The game lasted 00:08:48 (3990 turns).

slphil the Chopper (Hill Orc Reaver)                Turns: 3990, Time: 00:08:48

Health: -1/60      AC:  6    Str: 17      XL:     7   Next: 12%
Magic:  8/9        EV: 10    Int: 11 (13) God:
Gold:   148        SH:  7    Dex:  6 (9)  Spells: 3/9 levels left

rFire   + . .      SeeInvis .    t - +0 war axe
rCold   . . .      Faith    .    i - +0 buckler
rNeg    . . .      Spirit   .    r - +2 leather armour {rF+}
rPois   .          Reflect  +    (no helmet)
rElec   .          Harm     .    h - +0 cloak
rCorr   .          Rampage  .    (no gloves)
Will    .....                    (no boots)
Stlth   +.........               n - amulet of reflection
HPRegen 0.30/turn                (no ring)
MPRegen 0.11/turn                (no ring)

@: very slightly contaminated
A: no striking features
a: no special abilities


You were on level 6 of the Dungeon.
You visited 1 branch of the dungeon, and saw 6 of its levels.

You collected 148 gold pieces.

Inventory:

Hand Weapons
 a - a +0 hand axe
 t - a +0 war axe (weapon)
Missiles
 e - a throwing net
Armour
 b - a +0 leather armour
 h - a +0 cloak (worn)
 i - a +0 buckler (worn)
 r - a +2 leather armour of fire resistance (worn)
Jewellery
 n - an amulet of reflection (around neck)
 v - an amulet of magic regeneration
Scrolls
 c - 4 scrolls of teleportation
 f - 4 scrolls of enchant armour
 g - 3 scrolls of blinking
 l - a scroll of summoning
 o - 3 scrolls of silence
 q - a scroll of magic mapping
 s - a scroll of fear
 u - a scroll of immolation
Potions
 d - 4 potions of degeneration
 j - 3 potions of curing
 m - a potion of brilliance
 p - a potion of resistance


   Skills:
 + Level 4.5 Fighting
 * Level 7.0 Axes
 - Level 1.7 Dodging
 - Level 1.7 Spellcasting
 + Level 4.3 Conjurations
 + Level 3.7 Invocations


You had 3 spell levels left.
You knew the following spells:

 Your Spells              Type           Power      Damage    Failure   Level
a - Kiss of Death         Conj/Necr      20%        2d7       21%         1
b - Momentum Strike       Conj/Tloc      10%        3d8       30%         2
c - Hailstorm             Conj/Ice       5%         3d4       52%         3

Your spell library contained the following spells:

 Spells                   Type           Power      Damage    Failure   Level
 Ensorcelled Hibernation  Hex/Ice        0%         N/A       58%         2
 Passwall                 Tmut/Erth      0%         N/A       58%         2
 Swiftness                Air            0%         N/A       83%         3


Dungeon Overview and Level Annotations

Branches:
Dungeon (6/15)
 Temple: D:4-7

Altars:
Gozag
The Shining One

Shops:
D:5 (

Annotations:
D:5 Menkaure


Message History

There is an open door here.
There is a stone staircase leading down, spattered with blood here.
There is a stone staircase leading down here.
You climb downwards.
Level annotation: Menkaure
There is a stone staircase leading up here.
There is a stone staircase leading down here.
You climb downwards.
The orc warrior shouts!
Found a chain mail, a potion of curing and 17 gold pieces.
There is a stone staircase leading up here.
Unknown command.
You slash the orc priest!
You kill the orc priest!
Your Axes skill increases to level 7!
The orc warrior hits you with a +0 halberd.
You hit the orc warrior but do no damage.
The orc warrior hits you with a +0 halberd!
You closely miss the orc warrior. You closely miss the orc.
The orc warrior hits you with a +0 halberd!
The orc hits you with a +0 mace!
You slash the orc warrior!
The orc warrior is moderately wounded.
You hit the orc but do no damage. The orc hits you with a +0 mace.
The orc warrior hits you with a +0 halberd!
* * * LOW HITPOINT WARNING * * *
The orc closely misses you.
The orc warrior hits you with a +0 halberd.
* * * LOW HITPOINT WARNING * * *
Sorry, you're not good enough to have a special ability.
Casting: Kiss of Death (safe; 21% risk of failure)
Confirm with . or Enter, or press ? or * to list all spells.
Aiming: Kiss of Death (safe; 21% risk of failure)
Press: ? - help, Shift-Dir - straight line, f - orc warrior
Aim: an orc warrior, wielding a +0 halberd and wearing a +0 plate armour (moderately wounded, 100% to hit)
You miscast Kiss of Death.
You are very lightly contaminated with residual magic.
Nothing appears to happen.
The orc closely misses you.
The orc warrior hits you with a +0 halberd!
You die...

####
####...## ##
..$..#..##!#
#...o#.#.###
#.o@)....[.
###<#######
#.# ..# ####


You could see an orc warrior and an orc.

Vanquished Creatures
  2 scorpions
  4 hounds
  3 orc priests
  An iguana (D:4)
  6 adders
  A white imp (D:4)
  2 worms
  5 dart slugs
  7 orcs
  4 ball pythons
  2 endoplasms
  2 giant cockroaches
  4 goblins
  3 hobgoblins
  2 quokkas (D:4)
  3 bats
  3 frilled lizards
  9 kobolds
  5 rats
68 creatures vanquished.

Vanquished Creatures (others)
  2 orcs (D:5)
  A plant (D:3)
3 creatures vanquished.

Grand Total: 71 creatures vanquished

Notes
Turn   | Place    | Note
-------+----------+-------------------------------------------
     0 | D:1      | slphil the Hill Orc Reaver began the quest for the Orb.
     0 | D:1      | Reached XP level 1. HP: 18/18 MP: 3/3
    66 | D:1      | Reached XP level 2. HP: 19/22 MP: 2/4
   670 | D:2      | Learned a level 2 spell: Momentum Strike
  1037 | D:2      | Found a faded altar of an unknown god.
  1344 | D:3      | Reached XP level 3. HP: 27/30 MP: 5/5
  1586 | D:3      | Reached skill level 1 in Invocations
  1730 | D:3      | Reached XP level 4. HP: 38/38 MP: 6/6
  2125 | D:4      | Reached skill level 5 in Axes
  2252 | D:4      | Learned a level 3 spell: Hailstorm
  2394 | D:4      | Reached XP level 5. HP: 45/45 MP: 7/7
  2997 | D:4      | Reached skill level 6 in Axes
  2997 | D:4      | Reached XP level 6. HP: 17/52 MP: 8/8
  3252 | D:5      | Entered Level 5 of the Dungeon
  3252 | D:5      | Found an opulent altar of Gozag.
  3338 | D:5      | Found Iveebal's Weapon Boutique.
  3367 | D:5      | Reached XP level 7. HP: 7/60 MP: 9/9
  3598 | D:5      | Noticed Menkaure
  3684 | D:5      | Found a glowing golden altar of the Shining One.
  3986 | D:6      | Reached skill level 7 in Axes
  3990 | D:6      | Slain by an orc warrior

Illustrated notes

Levels and vault maps discovered:
D:1:      dpeg_arrival_tiny_i, layout_rooms, chequers_serial_rivers_large_b,
          chequers_serial_rivers_room_b
D:2:      layout_basic, shapermc_ecumenical_altar_mp_vishouse
D:3:      layout_rooms, serial_bayou_crossing
D:4:      minmay_recursive_quarters, layout_basic, minmay_distorted
D:5:      layout_rooms, mainiacjoe_overflow_small_starburst,
          overflow_temple_1_default, overflow_temple_1_default,
          mainiacjoe_overflow_catwalk, nemelex_altar_shiori, tgw_kikubaaqudgha,
          lemuel_temple_firewalk_b, serial_shops, shop, minivault_19,
          minmay_misc_feat_four_crosses, glass_columns_b, uniq_menkaure
D:6:      layout_loops_cross, okawaru_ov_weapons_minmay, minmay_mini_ossuary

Skill      XL: |  1  2  3  4  5  6  7 |
---------------+----------------------+-----
Fighting       | 3 4 |  4.5
Invocations    | 1 2 3 |  3.7
Axes           | 5 6 7 |  7.0
Conjurations   | 4 |  4.3
Dodging        | |  1.7
Spellcasting   | |  1.7

Action                   |  1- 3 |  4- 6 |  7- 9 || total
-------------------------+-------+-------+-------++-------
Melee: Hand axe          |   124 |    38 |       ||   162
       War axe           |       |    84 |     8 ||    92
 Cast: Kiss of Death     |     1 |       |       ||     1
  Use: Potion            |       |     4 |     1 ||     5
       Scroll            |       |       |    10 ||    10
Armor: Leather armour    |    30 |    50 |     3 ||    83
Dodge: Dodged            |    71 |    80 |     5 ||   156
Block: Buckler           |    26 |    60 |     3 ||    89
       Reflection        |       |     4 |       ||     4

Table legend: (Time is in decaauts)
 A = Elapsed time spent in this place.
 B = Non-inter-level travel time spent in this place.
 C = Inter-level travel time spent in this place.
 D = Time resting spent in this place.
 E = Time spent auto-exploring this place.
 F = Levels seen in this place.
 G = Mean time per level.
                   A        B        C        D        E       F      G
               +--------+--------+--------+--------+--------+-----+--------+
         Total |   4093 |   3675 |    418 |    377 |   2649 |   6 |  682.2 |
       Dungeon |   4093 |   3675 |    418 |    377 |   2649 |   6 |  682.2 |
               +--------+--------+--------+--------+--------+-----+--------+

Top non-repeatable levels by time:
     D:4: 1785 daAuts
     D:3: 745 daAuts
     D:1: 701 daAuts
     D:2: 674 daAuts
     D:5: 180 daAuts
     D:6: 6 daAuts
